 Dungeon Crawl Stone Soup version 0.23.2-30-g0e89c35649 (webtiles) character file.

Game seed: 2007499792640377336

1542 BorisKarlOrff the Spear-Bearer (level 8, -1/73 HPs)
             Began as a Minotaur Chaos Knight on June 15, 2019.
             Was a Plaything of Xom.
             Slain by an orc warrior
             ... wielding a +0 dire flail
              (20 damage)
             ... on level 7 of the Dungeon on June 16, 2019.
             The game lasted 00:16:18 (4365 turns).

BorisKarlOrff the Spear-Bearer (MiCK)               Turns: 4365, Time: 00:16:18

Health: -1/73      AC: 16    Str: 22    XL:     8   Next: 56%
Magic:  7/7        EV:  4    Int:  9    God:    Xom [.*....]
Gold:   328        SH: 18    Dex: 12    Spells: 7/7 levels left

rFire    . . .     SeeInvis .   a - +2 spear (chaos)
rCold    . . .     Gourm    .   m - +1 large shield
rNeg     + . .     Faith    .   q - +0 plate armour
rPois    .         Spirit   .   (helmet restricted)
rElec    +         Reflect  +   (no cloak)
rCorr    .         Harm     .   (no gloves)
MR       +....     Clarity  +   (no boots)
Stlth    ..........             t - +3 amulet of reflection
HPRegen  0.22/turn              s - ring of positive energy
MPRegen  0.10/turn              l - ring of protection from magic

@: mighty
A: retaliatory headbutt, horns 2, molten scales 1, rugged brown scales 1,
clarity, electricity resistance
a: Renounce Religion


You were on level 7 of the Dungeon.
You worshipped Xom.
You were a plaything of Xom.
You were full.

You visited 1 branch of the dungeon, and saw 7 of its levels.

You collected 440 gold pieces.
You spent 112 gold pieces at shops.

Inventory:

Hand Weapons
 a - a +2 spear of chaos (weapon)
Armour
 m - a +1 large shield (worn)
 q - a +0 plate armour (worn)
Jewellery
 l - a ring of protection from magic (right hand)
 o - an uncursed ring of flight
 s - a ring of positive energy (left hand)
 t - a +3 amulet of reflection (around neck)
Wands
 j - a wand of scattershot (7)
 v - a wand of flame (20)
Scrolls
 d - 3 scrolls of teleportation
 k - 2 scrolls of blinking
 n - a scroll of holy word {unknown}
 p - a scroll of magic mapping
 w - a scroll of identify
Potions
 e - a potion of cancellation
 f - a potion of lignification
 g - a potion of resistance
 h - a potion of agility
 r - a potion of ambrosia {unknown}
Comestibles
 c - 7 rations


   Skills:
 + Level 6.6 Fighting
 + Level 8.2 Polearms
 + Level 6.6 Armour
 + Level 3.4 Dodging
 + Level 1.8 Stealth
 + Level 4.2 Shields


You had 7 spell levels left.
You didn't know any spells.
Your spell library contained the following spells:

 Spells                   Type           Power        Failure   Level  Hunger
 Corona                   Hex            #......      100%        1    ##.....
 Ensorcelled Hibernation  Hex/Ice        #.....       100%        2    ###....
 Confuse                  Hex            #.......     100%        3    ####...
 Dazzling Spray           Conj/Hex       #.....       100%        3    ####...
 Tukima's Dance           Hex            #.......     100%        3    ####...


Dungeon Overview and Level Annotations

Branches:
Dungeon (7/15)             Temple (0/1) D:6

Altars:

Shops:
D:4 [   D:7 (

Annotations:
D:7 1 runed translucent door, flt's ghost, novice OpVM


Innate Abilities, Weirdness & Mutations

You reflexively headbutt those who attack you in melee.
You have a pair of horns on your head.
You are partially covered in molten scales. (AC +2)
You are partially covered in rugged brown scales. (AC +1, +3% HP)
You possess an exceptional clarity of mind.
You are resistant to electric shocks. (rElec)


Message History

You headbutt the orc warrior, but do no damage.
You block the orc wizard's attack.
You feel very mighty all of a sudden. You block the orc warrior's attack.
You block the orc wizard's attack.
You puncture the orc warrior! You freeze the orc warrior.
The orc warrior is severely wounded.
You block the orc warrior's attack.
The orc wizard hits you but does no damage.
The orc wizard casts a spell.
The orc wizard blinks!
You hit the orc warrior.
The orc warrior flickers and vanishes!
Deactivating autopickup; reactivate with Ctrl-A.
Something hits you!
* * * LOW HITPOINT WARNING * * *
The orc wizard hits you but does no damage.
You miss something. You headbutt something. You block something's attack.
The orc wizard hits you but does no damage.
Something hits you!!
You die...
Xom chuckles heartily!

##.#....# .. #.
#...#### .. .##
##..# . ...
##..# #.o.#
#...# .#.##
##..# .i§
#.>##### #{#
#..'...# #@#
#..###.# #o#
#..# #.# #.#
#..###.## #.#
#####⌠.⌠# #.#
#.∩.# #.# #⌠.⌠#
#.##########..#
#............##
##############


You could see a spriggan baker and 2 orc wizards.

Vanquished Creatures
  Grinder (D:3)
  Menkaure (D:6)
  An orc warrior (D:7)
  2 ice beasts
  2 ogres
  A bullfrog (D:6)
  A howler monkey (D:6)
  2 crimson imps
  2 hounds (D:5)
  3 orc wizards
  A bullfrog skeleton (D:4)
  A centaur skeleton (D:5)
  3 worker ants
  A hound skeleton (D:5)
  7 gnolls
  6 adders
  A shadow imp (D:5)
  3 oozes
  An adder skeleton (D:6)
  3 worms (D:2)
  4 dart slugs
  4 leopard geckos
  5 orcs
  A ball python (D:4)
  9 giant cockroaches
  10 goblins
  16 hobgoblins
  10 jackals
  5 quokkas
  9 bats
  6 frilled lizards
  7 kobolds
  A quokka zombie (D:5)
  9 rats
139 creatures vanquished.

Vanquished Creatures (collateral kills)
  A shadow imp (D:6)
  An ooze (D:5)
  An orc (D:5)
  A jackal (D:6)
4 creatures vanquished.

Vanquished Creatures (others)
  A centaur (D:6)
1 creature vanquished.

Grand Total: 144 creatures vanquished

Notes
Turn   | Place    | Note
-------+----------+-------------------------------------------
     0 | D:1      | BorisKarlOrff the Minotaur Chaos Knight began the quest for
                  | the Orb.
     0 | D:1      | Reached XP level 1. HP: 19/19 MP: 0/0
    45 | D:1      | Reached XP level 2. HP: 12/27 MP: 1/1
   201 | D:1      | Reached skill level 4 in Polearms
   401 | D:1      | XOM: harmless Ice miscast
   423 | D:1      | Reached XP level 3. HP: 20/34 MP: 2/2
   957 | D:2      | Reached XP level 4. HP: 21/41 MP: 3/3
  1440 | D:3      | XOM: harmless Ice miscast
  1448 | D:3      | XOM: potion effect (brilliance)
  1457 | D:3      | XOM: fog
  1464 | D:3      | Reached XP level 5. HP: 29/47 MP: 4/4
  1493 | D:3      | Noticed an ogre
  1495 | D:3      | XOM: snakes to sticks
  1514 | D:3      | Killed an ogre
  1514 | D:3      | Reached skill level 5 in Fighting
  1514 | D:3      | Reached skill level 5 in Polearms
  1585 | D:3      | XOM: cloud trail
  1601 | D:3      | Noticed Grinder
  1612 | D:3      | Killed Grinder
  1612 | D:3      | Reached skill level 5 in Armour
  1612 | D:3      | Reached skill level 1 in Stealth
  1612 | D:3      | Reached XP level 6. HP: 44/56 MP: 5/5
  1918 | D:3      | XOM: give mutations
  1918 | D:3      | Gained mutation: You are agile. (Dex +2) [Xom's grace]
  1918 | D:3      | Gained mutation: You are covered in fur. (AC +1) [Xom's
                  | grace]
  1986 | D:3      | XOM: god gift: scroll of teleportation
  2084 | D:4      | Found Geis's Antique Armour Shop.
  2151 | D:4      | XOM: enchant monster (good)
  2325 | D:4      | Bought a large shield for 112 gold pieces
  2360 | D:4      | Reached skill level 6 in Polearms
  2400 | D:4      | Reached XP level 7. HP: 49/61 MP: 6/6
  2457 | D:4      | XOM: harmless Pois miscast
  2462 | D:4      | Lost mutation: You are covered in fur. (AC +1) [potion of
                  | mutation]
  2462 | D:4      | Lost mutation: You are agile. (Dex +2) [potion of mutation]
  2462 | D:4      | Gained mutation: You occasionally shout uncontrollably at
                  | your foes. [potion of mutation]
  2462 | D:4      | Gained mutation: You are partially covered in thin metallic
                  | scales. (AC +2) [potion of mutation]
  2462 | D:4      | Gained mutation: Your flesh is cold resistant. (rC+)
                  | [potion of mutation]
  2463 | D:4      | Lost mutation: You occasionally shout uncontrollably at
                  | your foes. [potion of mutation]
  2463 | D:4      | Lost mutation: You are partially covered in thin metallic
                  | scales. (AC +2) [potion of mutation]
  2463 | D:4      | Lost mutation: Your flesh is cold resistant. (rC+) [potion
                  | of mutation]
  2463 | D:4      | Gained mutation: You are robust. (+10% HP) [potion of
                  | mutation]
  2463 | D:4      | Gained mutation: You are resistant to electric shocks.
                  | (rElec) [potion of mutation]
  2463 | D:4      | Gained mutation: You are partially covered in molten
                  | scales. (AC +2) [potion of mutation]
  2463 | D:4      | Gained mutation: You possess an exceptional clarity of
                  | mind. [potion of mutation]
  2545 | D:4      | XOM: divination: detect items
  2554 | D:4      | XOM: polymorph worker ant -> jackal
  2666 | D:5      | Entered Level 5 of the Dungeon
  2745 | D:5      | XOM: harmless Necr miscast
  2835 | D:5      | XOM: summons 2 friendly demons
  2983 | D:5      | Reached skill level 1 in Shields
  3055 | D:5      | XOM: noise
  3102 | D:5      | Reached skill level 7 in Polearms
  3227 | D:5      | XOM: summons 1 hostile demon
  3263 | D:5      | XOM: give mutations
  3263 | D:5      | Gained mutation: Your flesh is heat resistant. (rF+) [Xom's
                  | mischief]
  3263 | D:5      | Lost mutation: You are robust. (+10% HP) [Xom's mischief]
  3263 | D:5      | Gained mutation: You are partially covered in rugged brown
                  | scales. (AC +1, +3% HP) [Xom's mischief]
  3263 | D:5      | Lost mutation: Your flesh is heat resistant. (rF+) [Xom's
                  | mischief]
  3544 | D:6      | Reached XP level 8. HP: 72/72 MP: 7/7
  3571 | D:6      | Noticed Menkaure
  3574 | D:6      | XOM: harmless Hex miscast
  3580 | D:6      | XOM: summons 4 friendly demons
  3585 | D:6      | Killed Menkaure
  3656 | D:6      | XOM: mild Hex miscast
  3849 | D:6      | Reached skill level 8 in Polearms
  3885 | D:6      | XOM: harmless Summ miscast
  3911 | D:6      | Found a staircase to the Ecumenical Temple.
  4130 | D:7      | Found a runed translucent door.
  4135 | D:7      | Noticed flt's ghost (novice OpVM)
  4135 | D:7      | Noticed a centaur warrior
  4322 | D:7      | Found Kaiceit's Weapon Shop.
  4365 | D:7      | Slain by an orc warrior

Skill      XL: |  1  2  3  4  5  6  7  8 |
---------------+-------------------------+-----
Fighting       | 4 5 6 |  6.6
Polearms       | 4 5 6 7 8 |  8.2
Armour         | 3 5 6 |  6.6
Dodging        | 2 3 |  3.4
Stealth        | 1 |  1.8
Shields        | 2 4 |  4.2

Action                   |  1- 3 |  4- 6 |  7- 9 || total
-------------------------+-------+-------+-------++-------
Melee: Spear             |   118 |   132 |   232 ||   482
       Headbutt          |    18 |    19 |    28 ||    65
  Use: Scroll            |       |    11 |     8 ||    19
       Potion            |       |       |     7 ||     7
 Stab: Paralysed         |       |     3 |       ||     3
       Confused          |       |     1 |       ||     1
  Eat: Ration            |       |     3 |     2 ||     5
Armor: Leather armour    |     9 |       |       ||     9
       Scale mail        |    67 |    34 |       ||   101
       Chain mail        |       |    28 |    56 ||    84
       Plate armour      |       |       |    35 ||    35
Dodge: Dodged            |    79 |    63 |    20 ||   162
Block: Large shield      |       |     1 |   131 ||   132
       Reflection        |       |       |     3 ||     3
